 Dungeon Crawl Stone Soup version 0.18-a0-1780-g189a03f (webtiles) character file.

1018 TheGoonsmith the Conjurer (level 8, -4/41 HPs)
             Began as a Gargoyle Wizard on Apr 17, 2016.
             Was a Believer of Sif Muna.
             Killed from afar by edsrzf's ghost (7 damage)
             ... with a magic dart
             ... on level 5 of the Dungeon.
             The game lasted 00:13:22 (6341 turns).

TheGoonsmith the Conjurer (Gargoyle Wizard)         Turns: 6341, Time: 00:13:23

Health: -4/41      AC:  9    Str: 12    XL:     8   Next: 22%
Magic:  1/13       EV: 17    Int: 20    God:    Sif Muna [**....]
Gold:   252        SH:  0    Dex: 13    Spells: 5 memorised, 3 levels left

rFire  . . .     SeeInvis .     g - +1 dagger
rCold  . . .     Gourm    .     a - +0 robe
rNeg   + . .     Faith    .     (no shield)
rPois  ∞         Spirit   .     f - +0 helmet
rElec  +         Dismiss  .     (no cloak)
rCorr  .         Reflect  .     (no gloves)
SustAt .         Harm     .     v - +0 pair of boots
MR     .....                    (no amulet)
Stlth  +++.......               (no ring)
                                e - +3 ring of slaying

@: agile, very slightly contaminated, hasted, repel missiles, very quick, not
resistant to hostile enchantments, fairly stealthy
A: negative energy resistance 1, electricity resistance, unbreathing,
petrification resistance, rot immunity, AC +5
a: Channel Energy, Renounce Religion


You were on level 5 of the Dungeon.
You worshipped Sif Muna.
Sif Muna was pleased with you.
You were very hungry.

You visited 1 branch of the dungeon, and saw 5 of its levels.

You collected 252 gold pieces.

Inventory:

Hand Weapons
 g - a +1 dagger (weapon)
Armour
 a - a +0 robe (worn)
 b - a +0 hat
 f - a +0 helmet (worn)
 v - a +0 pair of boots (worn)
Jewellery
 e - a +3 ring of slaying (left hand)
Wands
 o - a wand of flame (28/48)
 t - a wand of slowing (11/48)
Scrolls
 h - a scroll of fear
 q - 3 scrolls of remove curse
 u - 2 scrolls of teleportation
Potions
 i - a potion of magic {unknown}
 k - 3 potions of mutation
 l - 2 potions of curing
Books
 c - a book of Minor Magic

   Spells                             Type                      Level
   a - Magic Dart                     Conjuration                  1
   b - Blink                          Translocation                2
   c - Call Imp                       Summoning                    2
   d - Repel Missiles                 Charms/Air                   2
   e - Slow                           Hexes                        2
   f - Conjure Flame                  Conjuration/Fire             3
   g - Mephitic Cloud                 Conjuration/Poison/Air       3
Comestibles
 d - 3 bread rations
 j - 2 royal jellies
 m - 2 meat rations
 n - 3 fruits
 w - 2 slices of pizza


   Skills:
 - Level 1.5 Dodging
 - Level 2.1 Stealth
 + Level 3.6 Spellcasting
 - Level 7.0 Conjurations
   Level 0.8 Summonings
 - Level 3.1 Translocations
 - Level 3.6 Air Magic
 - Level 2.2 Poison Magic


You had 3 spell levels left.
You knew the following spells:

 Your Spells              Type           Power        Failure   Level  Hunger
a - Magic Dart            Conj           ####         1%          1    None
b - Repel Missiles        Chrm/Air       ##....       12%         2    ##.....
c - Conjure Flame         Conj/Fire      ###.....     12%         3    ###....
d - Blink                 Tloc           N/A          6%          2    ##.....
x - Mephitic Cloud        Conj/Pois/Air  ###.....     10%         3    ###....


Dungeon Overview and Level Annotations

Branches:
Dungeon (5/15)
 Temple: D:4-7

Altars:
Ashenzari
Cheibriados
Gozag
Makhleb
Pakellas
Qazlal
Sif Muna
The Shining One

Annotations:
D:5 edsrzf's ghost, novice CeCj


Innate Abilities, Weirdness & Mutations

You are resistant to torment.
Your stone body is resilient (AC +5).
You are immune to poison.
You resist negative energy.
You are resistant to electric shocks.
You can survive without breathing.
You are immune to petrification.
You are immune to rotting.


Message History

You hit edsrzf's ghost but do no damage.
Edsrzf's ghost is moderately damaged.
Edsrzf's ghost closely misses you.
Read which item? (? for menu, Esc to quit)
Okay, then.
Drink which item? (? for menu, Esc to quit)
You feel agile all of a sudden. The crimson imp closely misses you.
Edsrzf's ghost casts a spell at you. The magic dart hits you!
* * * LOW HITPOINT WARNING * * *
Drink which item? (? for menu, Esc to quit)
You feel yourself speed up. The crimson imp misses you.
Edsrzf's ghost hits you.
* * * LOW HITPOINT WARNING * * *
You are very lightly contaminated with residual magic.
You see here a plate armour.
Edsrzf's ghost points at you and mumbles some strange words.
The magic dart hits you!
You die...

########### #.........#
#.........# #.........##
#......W...## ###########
#......5[@..# #.......<)#
###§#######.###......)).#
#(.# #..##.........# #.##
##.##.........# #......#
#...###...#### ####.....
###.# #.#..## #5##....
#.# #.##..## .. .####
#..##.###..## ##. ##
##.....###...


You could see edsrzf's ghost and a crimson imp.

Vanquished Creatures
  Sigmund (D:4)
  An ice beast (D:5)
  2 ogres
  A scorpion (D:4)
  A howler monkey (D:4)
  A hound (D:3)
  4 orc wizards
  2 iguanas (D:4)
  2 worker ants (D:4)
  A hound skeleton (D:4)
  Robin (D:4)
  8 adders
  2 gnolls
  3 oozes
  4 worms
  3 dart slugs
  23 orcs
  9 bats
  4 giant cockroaches
  20 hobgoblins
  8 jackals
  A quokka (D:2)
  2 ball pythons
  5 giant newts
  16 goblins
  12 kobolds
  11 rats
148 creatures vanquished.

Notes
Turn   | Place    | Note
--------------------------------------------------------------
     0 | D:1      | TheGoonsmith the Gargoyle Wizard began the quest for the Orb.
     0 | D:1      | Reached XP level 1. HP: 10/10 MP: 4/4
   163 | D:1      | Reached skill level 2 in Conjurations
   172 | D:1      | Reached XP level 2. HP: 15/15 MP: 0/6
   783 | D:1      | Reached skill level 3 in Conjurations
   783 | D:1      | Reached XP level 3. HP: 19/19 MP: 2/7
   846 | D:1      | Learned a level 3 spell: Mephitic Cloud
   850 | D:1      | Learned a level 3 spell: Conjure Flame
  1747 | D:1      | Reached skill level 4 in Conjurations
  1793 | D:2      | Reached XP level 4. HP: 24/24 MP: 3/8
  2605 | D:2      | Found a deep blue altar of Sif Muna.
  2639 | D:2      | Became a worshipper of Sif Muna the Loreminder
  2943 | D:3      | Found an opulent altar of Gozag.
  3024 | D:3      | Reached skill level 5 in Conjurations
  3024 | D:3      | Reached XP level 5. HP: 14/28 MP: 0/9
  3232 | D:3      | Learned a level 2 spell: Repel Missiles
  3463 | D:3      | Found a shattered altar of Ashenzari.
  3464 | D:3      | Noticed an ogre
  3491 | D:3      | Killed an ogre
  3491 | D:3      | Reached skill level 6 in Conjurations
  3491 | D:3      | Reached XP level 6. HP: 11/32 MP: 0/10
  3919 | D:3      | Reached skill level 7 in Conjurations
  4163 | D:3      | Found a glowing golden altar of the Shining One.
  4168 | D:3      | Learned a level 2 spell: Blink
  4219 | D:4      | Found a stormy altar of Qazlal.
  4247 | D:4      | Reached * piety under Sif Muna
  4247 | D:4      | Reached skill level 1 in Poison Magic
  4486 | D:4      | Reached XP level 7. HP: 36/36 MP: 6/11
  4499 | D:4      | Reached skill level 1 in Air Magic
  4829 | D:4      | Noticed Robin
  4829 | D:4      | Noticed Sigmund
  4890 | D:4      | Killed Sigmund
  5041 | D:4      | Killed Robin
  5471 | D:4      | Reached skill level 1 in Translocations
  5701 | D:4      | Reached ** piety under Sif Muna
  5935 | D:4      | Found an oddly glowing altar of Pakellas.
  5935 | D:4      | Found a burning altar of Makhleb.
  5960 | D:4      | Found a snail-covered altar of Cheibriados.
  6065 | D:5      | Entered Level 5 of the Dungeon
  6098 | D:5      | Reached XP level 8. HP: 38/41 MP: 5/12
  6323 | D:5      | Noticed edsrzf's ghost (novice CeCj)
  6341 | D:5      | Killed from afar by edsrzf's ghost

Vault maps used:
D:1:      dpeg_arrival_simpleton_c, serial_curves, eino_curves_02,
          eino_curves_04, eino_curves_01, eino_curves_02
D:2:      lemuel_blue_sif_altar
D:3:      kennysheep_big_flooded_room, lemuel_crystal_altar,
          nicolae_overflow_crystal_walls, first_bread, tso_altar
D:4:      cheibriados_altar_wand_db, gammafunk_temple_overflow_elements,
          grunt_qazlal_sundering, uniq_robin, uniq_sigmund

Skill      XL: |  1  2  3  4  5  6  7  8 |
---------------+-------------------------+-----
Conjurations   | 2 3 4 5 6 7 |  7.0
Poison Magic   | 2 |  2.2
Air Magic      | 3 |  3.6
Translocations | 2 3 |  3.1
Dodging        | |  1.5
Stealth        | |  2.1
Spellcasting   | |  3.6
Summonings     | |  0.8

Action                   |  1- 3 |  4- 6 |  7- 9 || total
-------------------------+-------+-------+-------++-------
Melee: Unarmed           |     5 |       |       ||     5
       Dagger            |    31 |    77 |    80 ||   188
 Cast: Magic Dart        |    71 |   154 |   119 ||   344
       Repel Missiles    |       |     1 |       ||     1
       Mephitic Cloud    |       |     3 |    11 ||    14
       Conjure Flame     |       |     1 |     2 ||     3
  Use: Scroll            |       |    11 |     1 ||    12
       Potion            |       |       |     3 ||     3
 Stab: Confused          |       |       |     2 ||     2
  Eat: Chunk             |     2 |     9 |     6 ||    17
Armor: Robe              |    22 |    49 |    41 ||   112
Dodge: Dodged            |    50 |    51 |    55 ||   156
       Deflected         |       |     1 |     2 ||     3
